 Dungeon Crawl Stone Soup version 0.31-a0-557-g6e16503903 (webtiles) character file.

Game seed: 6190458547600561289

44 Newt the Trooper (level 3, -1/33 HPs)
             Began as a Draconian Shapeshifter on Aug 16, 2023.
             Slain by a goblin
             ... wielding a +1 dagger of electrocution
              (15 damage)
             ... on level 2 of the Dungeon.
             The game lasted 00:01:10 (1219 turns).

Newt the Trooper (Draconian Shapeshifter)           Turns: 1219, Time: 00:01:11

Health: -1/33      AC:  5    Str: 19    XL:     3   Next: 41%
Magic:  3/3        EV: 12    Int:  8    God:
Gold:   77         SH:  0    Dex: 11    Spells: 2/2 levels left

rFire   . . .        e - +0 club
rCold   . . .        (no shield)
rNeg    . . .        (body armour unavailable)
rPois   .            (helmet currently unavailable)
rElec   .            (cloak currently unavailable)
rCorr   .            (gloves currently unavailable)
SInv    .            (boots currently unavailable)
Will    .....        (no amulet)
Stlth   +            (no ring)
HPRegen 0.25/turn    (no ring)
MPRegen 0.08/turn

%: no passive effects
@: beast-form
A: beast (slay +2), AC +5, unfitting armour, cold-blooded
a: Begin Untransformation


You were on level 2 of the Dungeon.
You were a hulking beast.
You visited 1 branch of the dungeon, and saw 2 of its levels.

You collected 77 gold pieces.

Inventory:

Hand Weapons
 e - a +0 club (weapon)
Talismans
 b - a beast talisman (active)
 c - a flux talisman
Potions
 a - a potion of lignification
 f - a potion of mutation
 j - a potion of enlightenment
 k - a potion of brilliance


   Skills:
 + Level 3.7 Fighting
 - Level 1.7 Dodging
 - Level 3.0 Unarmed Combat
 - Level 3.0 Shapeshifting


You had 2 spell levels left.
You didn't know any spells.
Your spell library contained the following spells:

 Spells                   Type           Power      Damage    Failure   Level
 Apportation              Tloc           0%         N/A       41%         1
 Necrotise                Necr           0%         1d4       41%         1
 Summon Small Mammal      Summ           0%         N/A       41%         1
 Gell's Gravitas          Tloc           0%         N/A       78%         3
 Teleport Other           Tloc           0%         N/A       78%         3
 Dispersal                Tloc           0%         N/A       100%        6


Dungeon Overview and Level Annotations

Branches:
Dungeon (2/15)

Altars:


Innate Abilities, Weirdness & Mutations

You are a hulking beast.
Your limbs bulge with bestial killing power. (Slay +2)
Your plain brown scales are hard. (AC +5)
You cannot fit into any form of body armour.
You are cold-blooded and may be slowed by cold attacks.


Message History

The quokka barely misses you.
You sock the quokka!
You kill the quokka!
No target in view!
No target in view!
You see here a quokka corpse.
Found 3 javelins.
A goblin comes into view.
It is wielding a +1 dagger of electrocution.
Found a ring mail.
The goblin hits you but does no damage.
You hit the goblin.
The goblin is heavily wounded.
The goblin barely misses you.
You closely miss the goblin. You tail-slap the goblin.
Your punch misses the goblin.
The goblin is severely wounded.
The goblin hits you with a +1 dagger of electrocution.
The goblin barely misses you.
You barely miss the goblin.
The goblin is severely wounded.
The goblin misses you.
You closely miss the goblin.
The goblin is severely wounded.
The goblin hits you but does no damage.
You are electrocuted!
You closely miss the goblin.
The goblin is severely wounded.
The goblin misses you.
You barely miss the goblin.
The goblin is severely wounded.
The goblin hits you but does no damage. The goblin closely misses you.
You closely miss the goblin.
The goblin is severely wounded.
The goblin hits you with a +1 dagger of electrocution.
A goblin is nearby!
You are too injured to fight recklessly!
You closely miss the goblin.
The goblin is severely wounded.
The goblin hits you with a +1 dagger of electrocution.
You are electrocuted!
You die...

,*,*,*,*,,,,,,,,,*,**,****,**,,,,
,*,*,*,*,**,,,##,*.#,,,,,*,**,,,,
,*,*,*,*,,,,,,#.,*.#,,**,*,**,,,,
,*,*,*,******##.##.#,,*,,,,,,,,,,
,*,*,,,,,,,,,,.....#,,*,,*,**,***
,*,,,,,,*######'#..#####**,**,*
**,,,,,,'...............,,,**,*
**,,,,,****#..g....#********,*
*,,,,,,,,*#...h...#####****,*
***,,,,,,,,*##......'...[,,,*,*
,,+,,,,,,..* #......#...,,,,*,*
***,,,,,,..###......#,,.,,,,*,###
*,,,,,,...........#,,,,,,,#.#..
******>...........#*****#.#.#..
*,.........(.# #.#.#..
*,...........# #.#.#..
**........#### #.#.#..


You could see a goblin.

Vanquished Creatures
  An adder (D:2)
  A dart slug (D:1)
  2 ball pythons (D:1)
  5 endoplasms (D:1)
  A giant cockroach (D:1)
  4 goblins (D:1)
  4 hobgoblins (D:1)
  2 jackals (D:2)
  A quokka (D:2)
  A bat (D:2)
  A frilled lizard (D:1)
  5 kobolds
28 creatures vanquished.

Notes
Turn   | Place    | Note
-------+----------+-------------------------------------------
     0 | D:1      | Newt the Draconian Shapeshifter began the quest for the
                  | Orb.
     0 | D:1      | Reached XP level 1. HP: 16/16 MP: 1/1
   261 | D:1      | Reached XP level 2. HP: 25/25 MP: 2/2
   812 | D:1      | Reached XP level 3. HP: 30/31 MP: 3/3
  1219 | D:2      | Slain by a goblin

Illustrated notes

Levels and vault maps discovered:
D:1:      dpeg_arrival_three_smaller_balls, layout_basic,
          chequers_serial_rivers_marsh, minmay_misc_feat_four_crosses,
          hangedman_decor_riveting
D:2:      layout_basic

Skill      XL: |  1  2 |
---------------+-------+-----
Fighting       | 2 3 |  3.7
Dodging        | |  1.7
Unarmed Combat | |  3.0
Shapeshifting  | |  3.0

Action                     || total
---------------------------++-------
  Melee: Unarmed           ||    51
         Tailslap          ||    13
         Club              ||    59
    Use: Scroll            ||     6
 Armour: Skin              ||    32
  Dodge: Dodged            ||    77

Table legend: (Time is in decaauts)
 A = Elapsed time spent in this place.
 B = Non-inter-level travel time spent in this place.
 C = Inter-level travel time spent in this place.
 D = Time resting spent in this place.
 E = Time spent auto-exploring this place.
 F = Levels seen in this place.
 G = Mean time per level.
                   A        B        C        D        E       F      G
               +--------+--------+--------+--------+--------+-----+--------+
         Total |   1241 |   1223 |     18 |    198 |    795 |   2 |  620.5 |
       Dungeon |   1241 |   1223 |     18 |    198 |    795 |   2 |  620.5 |
               +--------+--------+--------+--------+--------+-----+--------+

Top non-repeatable levels by time:
     D:1: 1042 daAuts
     D:2: 199 daAuts
